 Dungeon Crawl Stone Soup version 0.31-a0-876-gfe8ebadbca (webtiles) character file.

Game seed: 5840758528410806944

23477937 RepoMan the Heavyweight Champion (level 27, 305/305 HPs)
             Began as a Troll Fighter on Oct 13, 2023.
             Was the Champion of Wu Jian.
             Escaped with the Orb
             ... and 15 runes on Oct 14, 2023!
             The game lasted 09:24:42 (64345 turns).

RepoMan the Heavyweight Champion (Troll Fighter)   Turns: 64345, Time: 09:24:43

Health: 305/305    AC: 32    Str: 41 (42) XL:     27
Magic:  42/42      EV: 20    Int: 25      God:    Wu Jian [******]
Gold:   9136       SH: 33    Dex: 22      Spells: 25/58 levels left

rFire   + + .        e - staff of the End {rCorr Str+4 Dex+3 Earth}
rCold   + + +        b - +8 tower shield {AC+3}
rNeg    + + +        F - +9 ice dragon scales of Twilight {+Blink rF- rC++ Int+6 Dex+3}
rPois   ∞            k - +1 hat of Hubris {rPois Regen+ Int+2 Stlth+}
rElec   +            f - scarf "Rais" {+Inv, rF++}
rCorr   +            (gloves unavailable)
SInv    .            (boots unavailable)
Will    ++++.        g - amulet of the Philosopher {RegenMP rPois Regen+ Dex+4}
Stlth   +            Z - ring of Autotheism {rF+ rN+ EV+5 Int+3 Dex+3}
HPRegen 3.10/turn    W - ring of Qoh Geeb {rElec rPois rC+ rN+ Str+6}
MPRegen 0.68/turn

%: no passive effects
@: death-form, studying Fire Magic
A: vile attack, torment immunity, no potions, large, unfitting armour, claws 3,
regeneration 1, shaggy fur 1, tough skin 1, iridescent scales 2, strong-willed
1, MP-powered wands
0: Orb of Zot
}: 15/15 runes: barnacled, slimy, silver, golden, iron, obsidian, icy, bone,
abyssal, demonic, glowing, magical, fiery, dark, gossamer
a: Siphon Essence, Begin Untransformation, Renounce Religion, Evoke Blink, Evoke
Invisibility, Wall Jump, Serpent's Lash, Heavenly Storm


You escaped.
You worshipped Wu Jian.
Wu Jian was exalted by your worship.
You were an undying horror.
You visited 18 branches of the dungeon, and saw 88 of its levels.
You visited Pandemonium 2 times, and saw 15 of its levels.
You visited the Abyss 3 times.
You visited 1 bazaar.
You visited 1 ziggurat, and saw 10 of its levels.
You also visited: Trove, Ossuary, Ice Cave, Wizlab and Desolation.

You collected 14253 gold pieces.
You spent 5117 gold pieces at shops.

Inventory:

Missiles
 z - 10 throwing nets
Armour
 b - a +8 tower shield of protection (worn)
 f - the scarf "Rais" (worn) {+Inv, rF++}
   (You found it on level 3 of the Tomb of the Ancients)

   rF++:      It greatly protects you from fire.
 k - the +1 hat of Hubris (worn) {rPois Regen+ Int+2 Stlth+}
   (You found it in a treasure trove)

   Int+2:     It affects your intelligence (+2).
   rPois:     It protects you from poison Regen+: It increases your rate of
   health regeneration.
   Stlth+:    It makes you more stealthy.
 o - the scarf of the Barracuda {shadows, Harm rElec Int+2}
   (You found it on level 4 of the Shoals)

   Int+2:     It affects your intelligence (+2).
   rElec:     It insulates you from electricity.
   Harm:      It increases damage dealt and taken.
 F - the +9 ice dragon scales of Twilight (worn) {+Blink rF- rC++ Int+6 Dex+3}
   (You found it in an ice cave)

   Int+6:     It affects your intelligence (+6).
   Dex+3:     It affects your dexterity (+3).
   rF-:       It makes you vulnerable to fire.
   rC++:      It greatly protects you from cold.
   +Blink:    It lets you blink.
 G - the +1 fire dragon scales "Teesh" {+Inv rF++ rC- Regen+ rCorr}
   (You took it off a merfolk impaler on level 4 of the Shoals)

   rF++:      It greatly protects you from fire.
   rC-:       It makes you vulnerable to cold.
   +Inv:      It lets you turn invisible.
   Regen+:    It increases your rate of health regeneration.
   rCorr:     It protects you from acid and corrosion.
 O - the quicksilver dragon scales of Quantum Leap {Will+ Int+7 Dex-3}
   (You found it in a treasure trove)

   Int+7:     It affects your intelligence (+7).
   Dex-3:     It affects your dexterity (-3).
   Will+:     It increases your willpower.
 R - the scarf "Fuhorea" {repulsion, rElec Will- Slay+3}
   (You found it on level 10 of the Dungeon)

   Slay+3:    It affects your accuracy & damage with ranged weapons and melee
   (+3).
   rElec:     It insulates you from electricity.
   Will-:     It decreases your willpower.
 T - a scarf of resistance
Magical Staves
 e - the staff of the End (weapon) {rCorr Str+4 Dex+3 Earth}
   (You found it in the Desolation of Salt)

   [staff of earth]

   Base accuracy: +5 Base damage: 5 Base attack delay: 1.2 This weapon's minimum
   attack delay (0.6) is reached at skill level 12.
   Str+4:     It affects your strength (+4).
   Dex+3:     It affects your dexterity (+3).
   rCorr:     It protects you from acid and corrosion.
   Earth:     It increases the power of your Earth spells.
   It falls into the 'Staves' category.
   It is a one-clawed weapon.
Jewellery
 g - the amulet of the Philosopher (around neck) {RegenMP rPois Regen+ Dex+4}
   (You bought it in a shop on level 2 of the Orcish Mines)

   [amulet of magic regeneration]

   RegenMP:   It increases your rate of magic regeneration.
   Dex+4:     It affects your dexterity (+4).
   rPois:     It protects you from poison Regen+: It increases your rate of
   health regeneration.
 h - the ring "Koecigoenu" {EV+5 Str+6 Int+4 Slay-2 Stlth+}
   (You found it on level 7 of Gehenna)

   [ring of evasion]

   EV+5:      It affects your evasion (+5).
   Str+6:     It affects your strength (+6).
   Int+4:     It affects your intelligence (+4).
   Slay-2:    It affects your accuracy & damage with ranged weapons and melee
   (-2).
   Stlth+:    It makes you more stealthy.
 A - a ring of see invisible
 S - a ring of flight
 U - the ring of Oradd {EV+5 Dex+3}
   (You found it on level 1 of the Tomb of the Ancients)

   [ring of evasion]

   EV+5:      It affects your evasion (+5).
   Dex+3:     It affects your dexterity (+3).
 W - the ring of Qoh Geeb (right claw) {rElec rPois rC+ rN+ Str+6}
   (You found it in Pandemonium)

   [ring of strength]

   Str+6:     It affects your strength (+6).
   rC+:       It protects you from cold.
   rElec:     It insulates you from electricity.
   rPois:     It protects you from poison rN+: It protects you from negative
   energy.
 Z - the ring of Autotheism (left claw) {rF+ rN+ EV+5 Int+3 Dex+3}
   (You found it on level 10 of a ziggurat)

   [ring of evasion]

   EV+5:      It affects your evasion (+5).
   Int+3:     It affects your intelligence (+3).
   Dex+3:     It affects your dexterity (+3).
   rF+:       It protects you from fire.
   rN+:       It protects you from negative energy.
Talismans
 v - a talisman of death (active)
Wands
 u - a wand of roots (72)
 B - a wand of light (11)
 C - a wand of charming (58)
 M - a wand of flame (115)
Scrolls
 a - 2 scrolls of enchant armour
 d - 30 scrolls of teleportation
 m - 2 scrolls of silence
 n - 2 scrolls of fog
 s - 4 scrolls of vulnerability
 y - 5 scrolls of immolation
 J - 3 scrolls of poison
 N - 11 scrolls of fear
 V - a scroll of revelation
 Y - a scroll of blinking
Potions
 c - 17 potions of mutation
 j - 28 potions of curing
 l - 8 potions of brilliance
 q - 7 potions of invisibility
 w - 19 potions of heal wounds
 D - a potion of haste
 E - 9 potions of ambrosia
 H - 3 potions of might
 I - 8 potions of enlightenment
 K - 18 potions of magic
 P - 7 potions of cancellation
 Q - 9 potions of berserk rage
 X - 4 potions of resistance
Miscellaneous
 r - a phantom mirror
 t - a lightning rod (4/4)
 x - a phial of floods
 L - a figurine of a ziggurat


   Skills:
 - Level 23.3 Fighting
 - Level 9.9 Armour
 - Level 9.9 Dodging
 - Level 23.3 Shields
 O Level 27 Unarmed Combat
 + Level 16.0 Spellcasting
 - Level 9.9 Translocations
 - Level 3.3 Air Magic
 O Level 27 Earth Magic
 - Level 5.5 Evocations
 - Level 25.0 Shapeshifting


You had 25 spell levels left.
You knew the following spells:

 Your Spells              Type           Power      Damage    Failure   Level
b - Bombard               Conj/Erth      46%        9d8       3%          6
g - Apportation           Tloc           100%       N/A       1%          1
p - Passwall              Tmut/Erth      76%        N/A       1%          2
v - Vhi's Electric Charg  Tloc/Air       100%       N/A       3%          4
w - Wereblood             Tmut           20%        N/A       9%          2
x - Borgnjor's Vile Clut  Necr/Erth      46%        N/A       1%          5
A - Animate Armour        Summ/Erth      100%       N/A       1%          4
S - Shatter               Erth           62%        3d46*     9%          9

Your spell library contained the following spells:

 Spells                   Type           Power      Damage    Failure   Level
 Sandblast                Erth           100%       2d20      0%          1
 Momentum Strike          Conj/Tloc      88%        3d10      1%          2
 Gell's Gravitas          Tloc           62%        N/A       1%          3
 Stone Arrow              Conj/Erth      100%       3d13      1%          3
 Teleport Other           Tloc           62%        N/A       1%          3
 Brom's Barrelling Bould  Conj/Erth      92%        2d10      1%          4
 Leda's Liquefaction      Hex/Erth       46%        N/A       1%          4
 Petrify                  Tmut/Erth      92%        N/A       1%          4
 Shock                    Conj/Air       100%       1d9       2%          1
 Volatile Blastmotes      Fire/Tloc      88%        2d17      2%          3
 Poisonous Vapours        Pois/Air       56%        N/A       4%          2
 Static Discharge         Conj/Air       56%        2-5/arc   4%          2
 Swiftness                Air            36%        N/A       4%          3
 Foxfire                  Conj/Fire      80%        2x1d8     5%          1
 Freeze                   Ice            80%        1d9       5%          1
 Kiss of Death            Conj/Necr      80%        2d11      5%          1
 Magic Dart               Conj           80%        1d7       5%          1
 Necrotise                Necr           80%        1d8       5%          1
 Slow                     Hex            80%        N/A       5%          1
 Sting                    Tmut/Pois      80%        1d7       5%          1
 Summon Small Mammal      Summ           80%        N/A       5%          1
 Cigotuvi's Dreadful Rot  Necr/Pois/Air  50%        N/A       5%          2
 Dimensional Bullseye     Hex/Tloc       22%        N/A       7%          4
 Iskenderun's Mystic Bla  Conj/Tloc      44%        2d10      7%          4
 Call Imp                 Summ           40%        N/A       9%          2
 Ensorcelled Hibernation  Hex/Ice        40%        N/A       9%          2
 Jinxbite                 Hex            40%        N/A       9%          2
 Searing Ray              Conj           40%        2d5       9%          2
 Sublimation of Blood     Necr           20%        N/A       9%          2
 Mephitic Cloud           Conj/Pois/Air  25%        N/A       11%         3
 Airstrike                Air            18%        2d(3-19)  14%         4
 Dispersal                Tloc           31%        N/A       14%         6
 Call Canine Familiar     Summ           20%        N/A       16%         3
 Confusing Touch          Hex            20%        N/A       16%         3
 Frozen Ramparts          Ice            40%        1d7       16%         3
 Hailstorm                Conj/Ice       20%        3d6       16%         3
 Ignite Poison            Fire/Tmut/Pois 20%        N/A       16%         3
 Inner Flame              Hex/Fire       20%        N/A       16%         3
 Ozocubu's Armour         Ice            20%        N/A       16%         3
 Sigil of Binding         Hex            20%        N/A       16%         3
 Summon Guardian Golem    Hex/Summ       20%        N/A       16%         3
 Tukima's Dance           Hex            20%        N/A       16%         3
 Vampiric Draining        Necr           20%        2d7       16%         3
 Summon Forest            Summ/Tloc      22%        N/A       21%         5
 Summon Lightning Spire   Summ/Air       28%        N/A       28%         4
 Anguish                  Hex/Necr       10%        N/A       47%         4
 Animate Dead             Necr           20%        N/A       47%         4
 Cause Fear               Hex            10%        N/A       47%         4
 Dispel Undead            Necr           20%        3d11      47%         4
 Flame Wave               Conj/Fire      20%        2d7       47%         4
 Fulminant Prism          Conj/Hex       10%        3d9       47%         4
 Olgreb's Toxic Radiance  Pois           20%        N/A       47%         4
 Sticky Flame             Conj/Fire      20%        2d4       47%         4
 Summon Ice Beast         Ice/Summ       20%        N/A       47%         4
 Arcjolt                  Conj/Air       14%        1d24      61%         5
 Freezing Cloud           Conj/Ice/Air   12%        6-21      67%         5
 Lehudib's Crystal Spear  Conj/Erth      46%        10d11     80%         8
 Agony                    Necr           20%        N/A       83%         5
 Alistair's Intoxication  Tmut/Pois      13%        N/A       83%         5
 Fireball                 Conj/Fire      10%        3d6       83%         5
 Irradiate                Conj/Tmut      10%        3d15      83%         5
 Iskenderun's Battlesphe  Conj           20%        2d7       83%         5
 Metabolic Englaciation   Hex/Ice        10%        N/A       83%         5
 Summon Mana Viper        Hex/Summ       20%        N/A       83%         5
 Conjure Ball Lightning   Conj/Air       14%        3x3d6     99%         6
 Plasma Beam              Fire/Air       14%        2x1d25    99%         6
 Malign Gateway           Summ/Tloc      22%        N/A       99%         7
 Death Channel            Necr           10%        N/A       100%        6
 Eringya's Noxious Bog    Tmut/Pois      10%        4d6       100%        6
 Simulacrum               Ice/Necr       10%        N/A       100%        6
 Starburst                Conj/Fire      10%        6d5       100%        6
 Enfeeble                 Hex            10%        N/A       100%        7
 Haunt                    Necr/Summ      10%        N/A       100%        7
 Monstrous Menagerie      Summ           10%        N/A       100%        7
 Orb of Destruction       Conj           10%        9d6       100%        7
 Ozocubu's Refrigeration  Ice            10%        4d9       100%        7
 Spellforged Servitor     Conj/Summ      10%        N/A       100%        7
 Summon Hydra             Summ           10%        N/A       100%        7
 Borgnjor's Revivificati  Necr           10%        N/A       100%        8
 Discord                  Hex            10%        N/A       100%        8
 Ignition                 Fire           10%        3d5       100%        8
 Infestation              Necr           10%        N/A       100%        8
 Summon Horrible Things   Summ           10%        N/A       100%        8
 Chain Lightning          Conj/Air       14%        3d18      100%        9
 Dragon's Call            Summ           10%        N/A       100%        9
 Fire Storm               Conj/Fire      10%        8d3       100%        9
 Polar Vortex             Ice            10%        12d1*     100%        9


Dungeon Overview and Level Annotations

Branches:
Dungeon (15/15)            Temple (1/1) D:6            Lair (5/5) D:9
 Shoals (4/4) Lair:2       Spider (4/4) Lair:2        Slime (5/5) Lair:5
    Orc (2/2) D:11            Elf (3/3) Orc:2        Vaults (5/5) D:14
  Crypt (3/3) Vaults:3       Tomb (3/3) Crypt:3      Depths (4/4) D:15
   Hell (visited)             Dis (7/7) Hell            Geh (7/7) Hell
    Coc (7/7) Hell            Tar (7/7) Hell            Zot (5/5) Depths:4
Ossuary (visited)           IceCv (visited)          WizLab (visited)
Desolation (visited)

Altars:
Ashenzari
Cheibriados
Dithmenos
Elyvilon
Fedhas
Gozag
Hepliaklqana
Kikubaaqudgha
Makhleb
Nemelex Xobeh
Okawaru
Qazlal
Ru
Sif Muna
Trog
Uskayaw
Vehumet
Wu Jian
Xom
Yredelemnul
Zin
The Shining One
Lugonu

Shops:
D:2 :   D:4 [   D:7 ![=   D:14 !*((   Orc:1 *   Orc:2 [=*!   Shoals:3 !
Vaults:2 [   Vaults:5 :   Depths:1 *   Depths:2 ![

Portals:
Hell: Depths:1 Depths:2 Depths:3 Depths:4*
Abyss: Depths:3
Pandemonium: Depths:2

Annotations:
D:8 2 transporters, Nedwor's ghost, novice MiGl
Lair:3 exclusion: oklob plant
Lair:5 exclusion: oklob plant
Elf:2 3 runed translucent doors
Tar:7 exclusion: door
Zot:1 6 transporters
Zot:2 1 runed translucent door, Ogritsah's ghost, legendary MiBe


Innate Abilities, Weirdness & Mutations

You are an undying horror.
Your melee and unarmed attacks drain, slow and weaken victims.
You are immune to unholy pain and torment.
You cannot drink.
You are immune to poison.
You are too large for most types of armour.
You have claws for hands.
Your natural rate of healing is unusually fast.
You are covered in fur. (AC +1)
You have tough skin. (AC +1)
You are mostly covered in iridescent scales. (AC +4)
You are strong-willed. (Will+)
You expend magic power (3 MP) to strengthen your wands.


Message History

The angel hits you but does no damage. You block the angel's attack.
You spin and attack the angel repeatedly.
You scratch the angel.
The angel decays.
The angel is heavily wounded.
You eviscerate the angel!!!
You kill the angel!
The Council accepts your kill.
You spin and attack the soul eater.
You closely miss the soul eater.
The soul eater is severely wounded.
You block the soul eater's attack.
Your Spellcasting skill increases to level 16!
You spin and attack the soul eater repeatedly.
You claw the soul eater!
The soul eater decays.
The soul eater is almost dead.
You scratch the soul eater.
The soul eater decays.
The soul eater is almost dead.
You block the soul eater's attack.
You spin and attack the soul eater repeatedly.
You eviscerate the soul eater!!!
You kill the soul eater!
The Council accepts your kill.
There is a stone staircase leading up here.
You climb upwards.
There is a stone staircase leading down here.
Blink to where?
Press: ? - help, Dir - move target
As you read the scroll of blinking, it crumbles to dust.
As you read the scroll of summoning, it crumbles to dust.
Wisps of shadow whirl around you...
As you read the scroll of summoning, it crumbles to dust.
Wisps of shadow whirl around you...
As you read the scroll of summoning, it crumbles to dust.
Wisps of shadow whirl around you...
As you read the scroll of summoning, it crumbles to dust.
Wisps of shadow whirl around you...
Okay, then.
You feel stronger.
You feel agile.
e - the staff of the End (weapon)
{rCorr Str+4 Dex+3 Earth} A hellion comes into view.
You have escaped!

#.........###..##.####....# #....
#........###...#..........###....
..)..#...##....#....2............
.....#..###...##..bh....##.......
........##....#....b.............
.......###...###.r..b...#####....
)###...##>...##h.h......# #>...
......####..##hShJ..#.### ##....
.###.###....##hSzg.....# ##.....
#........÷......S#####)# #..###.
................h.## #†# #.## ##
..##......####.....# #)# ##.# #
.###...............###†###..# #
.# #...##########...........#####
.###.###.......#................#
.#...# #........................#
...#.# #........................#


You could see a hellion (ally target), a friendly endoplasm (summoned), 7
friendly jackals, a friendly hobgoblin (summoned), 3 friendly bats, 3 friendly
ball pythons and a friendly rat (summoned).

Vanquished Creatures
  Cerebov (Pan)
  Antaeus (Coc:7)
  Asmodeus (Geh:7)
  the Royal Jelly (Slime:5)
  Ereshkigal (Tar:7)
  the Serpent of Hell (Coc:7)
  Gloorx Vloq (Pan)
  Lom Lobon (Pan)
  Mnoleg (Pan)
  Dispater (Dis:7)
  4 dread liches
  9 orbs of fire
  4 ancient liches
  Mennas (Pan)
  A juggernaut (Dis:7)
  Josephina (Depths:2)
  35 royal mummies
  Frederick (Vaults:5)
  Parghit (Depths:3)
  8 Killer Klowns
  23 shard shrikes
  A curse toe (Zot:5)
  Geryon (Hell)
  Saint Roka (Vaults:2)
  12 golden dragons
  18 caustic shrikes
  Norris (Depths:3)
  A Hellbinder (WizLab)
  25 bone dragons
  13 profane servitors
  9 doom hounds
  25 Tzitzimimeh
  Jorgrun (Spider:1)
  3 electric golems
  16 hellephants
  21 Brimstone Fiends
  11 iron giants
  19 Ice Fiends
  Zenata (Vaults:1)
  A spectral shard shrike (Tar:3)
  13 Hell Sentinels
  23 Orb Guardians
  21 tentacled monstrosities
  9 liches
  Asterion (Spider:3)
  17 tainted leviathans
  2 deep elf master archers (Elf:3)
  2 deep elf blademasters (Elf:3)
  The ghost of Bnni the Marksant, an adept FoHs of Hepliaklqana (Spider:4)
  A walking divine tome (Depths:3)
  30 searing wretches
  6 titans
  9 quicksilver dragons
  11 sphinxes
  22 ancient champions
  12 Executioners
  14 death cobs
  9 shadow dragons
  5 tentacled starspawn
  Kirke (Lair:5)
  A tengu reaver (Vaults:5)
  18 acid blobs
  Aizul (Spider:4)
  2 pandemonium lords
  11 rockslimes
  A revenant (Crypt:2)
  19 draconian monks
  15 storm dragons
  7 narguns
  3 iron dragons
  7 draconian scorchers
  3 deep elf sorcerers
  Ilsuiw (Shoals:2)
  5 demonspawn warmongers
  A fire giant (shapeshifter) (Zig:8)
  23 fire giants
  13 azure jellies
  Louise (Spider:1)
  9 quicksilver elementals
  16 frost giants
  38 balrugs
  3 imperial myrmidons (Desolation)
  2 spectral caustic shrikes
  4 deep elf elementalists (Elf:3)
  18 vault wardens
  A spectral juggernaut (Tar:2)
  6 draconian knights
  4 curse skulls
  3 angels
  6 ghost moths
  2 orc warlords
  13 cacodemons
  3 ghouls
  8 shard shrike simulacra
  11 draconian stormcallers
  11 draconian shifters
  16 reapers
  28 war gargoyles
  7 demonspawn corrupters (Pan)
  11 quicksilver oozes
  4 demonspawn blood saints
  26 ironbound preservers
  5 ironbound thunderhulks
  35 very ugly things
  11 draconian annihilators
  4 broodmothers
  2 formless jellyfish
  17 stone giants
  2 juggernaut skeletons
  24 elemental wellsprings
  9 vampire knights
  A spriggan defender (Depths:3)
  7 demonspawn black suns
  37 putrid mouths
  3 apis (Shoals:4)
  10 deep elf demonologists
  15 green draconians
  20 bennus
  18 black draconians
  7 lorocyprocas
  A bunyip (Zig:9)
  A spectral titan (Tar:3)
  An eleionoma (Zig:9)
  15 red draconians
  6 deep elf annihilators
  10 white draconians
  11 spark wasps
  16 yellow draconians
  13 purple draconians
  A minotaur (Shoals:1)
  9 dire elephants
  21 iron golems
  14 deep elf death magi
  12 ettins
  12 wendigos
  10 merfolk impalers
  25 mummy priests
  A spectral quicksilver dragon (Tar:1)
  13 blizzard demons
  6 crystal guardians
  9 merfolk javelineers
  3 deep elf high priests
  14 fire dragons
  5 green deaths
  12 eidola
  7 jiangshi (Crypt:1)
  8 entropy weavers
  6 ragged hierophants (Desolation)
  10 great orbs of eyes
  12 servants of whispers (Desolation)
  14 yaktaur captains
  3 spectral spriggans
  9 rakshasas
  16 peacekeepers
  6 salamander tyrants
  9 juggernaut simulacra
  An ogre mage (D:15)
  4 hell beasts
  11 ice dragons
  Harold (Orc:1)
  31 vault guards
  2 spriggan air magi
  4 spriggan zombies
  8 hydras
  2 alligator snapping turtles (Shoals:4)
  13 ironbound frosthearts
  22 boulder beetles
  16 caustic shrike simulacra
  7 two-headed ogres
  3 catoblepae
  2 death knights (Crypt:1)
  17 centaur warriors
  30 dancing weapons
  3 radroaches
  11 tengu warriors
  A jorogumo (Spider:3)
  7 merfolk aquamancers
  A bennu skeleton (Crypt:2)
  4 ghost crabs (Lair:3)
  32 hell hogs
  5 stokers
  3 satyrs
  6 death yaks
  59 death scarabs
  4 merfolk avatars
  5 deep troll shamans
  11 deep troll earth magi
  19 demonic crawlers
  3 spectral nagas
  Urug (Lair:3)
  14 thrashing horrors
  4 spriggan berserkers
  A spectral emperor scorpion (Spider:4)
  3 vampire magi
  6 spriggans
  A spectral dire elephant (Tar:3)
  6 orc high priests
  A titan skeleton (Tomb:3)
  11 soul eaters
  60 sun demons
  25 hell knights
  6 crystal echidnas
  6 iron trolls
  A spectral bunyip (Tar:2)
  A skyshark (shapeshifter) (Zig:8)
  6 fire crabs
  26 shadow wraiths
  13 pharaoh ants
  9 deep elf knights
  7 wretched stars
  15 skysharks
  2 spectral spark wasps (Spider:4)
  18 skeletal warriors
  2 sun moths (Spider:4)
  Lodul (D:10)
  A bunyip skeleton (Crypt:3)
  6 quicksilver dragon simulacra
  13 sea snakes
  3 cherubim (Shoals:4)
  An iron giant zombie (Abyss:3)
  12 sixfirhies
  11 glowing orange brains
  2 swamp dragons (Zig:9)
  11 flayed ghosts
  An anaconda zombie (Hell)
  12 shadow demons
  An obsidian statue (Vaults:4)
  A spectral hydra (Tar:2)
  76 deep trolls
  10 orb spiders
  An orange crystal statue (Depths:1)
  16 wizards
  3 spectral anacondas
  A steelbarb worm (shapeshifter) (Depths:2)
  10 deep elf archers
  10 steelbarb worms
  An anaconda skeleton (Pan)
  36 ironbound convokers
  13 lindwurms
  19 deep elf pyromancers
  12 orc knights
  A spectral iron dragon (Tar:2)
  7 spriggan simulacra
  11 harpies
  2 swamp dragons (shapeshifter)
  3 spectral broodmothers (Spider:4)
  28 deep elf zephyrmancers
  A sphinx simulacrum (Vaults:4)
  7 necromancers
  18 wolf spiders
  19 phantasmal warriors
  13 shining eyes
  A shadow dragon skeleton (Crypt:3)
  35 ugly things
  A spectral ettin (Tar:2)
  5 draconians (Abyss:3)
  3 will-o-the-wisps
  A salamander (shapeshifter) (Abyss:3)
  8 orc sorcerers
  A manticore (shapeshifter) (Depths:2)
  16 fauns
  10 manticores
  3 worldbinders (Abyss:3)
  5 apocalypse crabs
  5 cyclopes
  An elephant (shapeshifter) (Zig:8)
  A stone giant skeleton (Pan)
  A toenail golem (Zot:5)
  18 elephants
  29 moths of wrath
  2 ice statues (IceCv)
  8 rust devils
  7 titan simulacra
  A centaur zombie (Tomb:1)
  9 merfolk sirens
  A formless jellyfish zombie (Crypt:1)
  4 guardian serpents (Desolation)
  29 smoke demons
  9 torpor snails
  8 water nymphs
  21 vault sentinels
  Joseph (D:8)
  A molten gargoyle (Desolation)
  14 black mambas
  A storm dragon simulacrum (Depths:2)
  Maggie (D:10)
  An eye of devastation (shapeshifter) (D:15)
  14 orange demons
  6 gargoyles
  3 naga skeletons
  12 cane toads
  6 eyes of devastation
  2 centaur skeletons
  A dire elephant skeleton (Crypt:3)
  Jeremiah (D:9)
  24 hellions
  A yaktaur zombie (Vaults:4)
  7 unseen horrors
  13 freezing wraiths
  Psyche (D:9)
  2 bunyip simulacra (Coc:2)
  8 anaconda simulacra
  6 rime drakes
  22 efreet
  41 yaktaurs
  9 tormentors
  7 komodo dragons
  A ghost moth simulacrum (Spider:4)
  2 human skeletons (Vaults:4)
  A golden dragon simulacrum (Coc:7)
  35 guardian mummies
  11 ice devils
  4 iron giant simulacra
  4 spark wasp simulacra
  9 tengu conjurers
  14 red devils
  An unseen horror skeleton (Crypt:1)
  4 ancient zymes (Abyss:3)
  8 spectral harpies
  4 tyrant leeches
  25 merfolk
  7 hornets
  A harpy zombie (Hell)
  2 silent spectres
  6 wind drakes
  9 trolls
  10 meliai
  A shadow dragon simulacrum (Coc:1)
  16 tarantellas
  A hornet (shapeshifter) (Elf:3)
  24 hellwings
  10 blink frogs
  5 raiju (Abyss:3)
  3 polar bears
  79 saltlings (Desolation)
  A harpy skeleton (Crypt:3)
  A frost giant simulacrum (Depths:2)
  10 snapping turtles
  134 slime creatures
  A stone giant simulacrum (Coc:1)
  14 dream sheep
  2 ettin zombies
  2 iron dragon simulacra (Coc:4)
  3 ettin skeletons
  14 flying skulls
  4 centaur simulacra
  21 culicivoras
  8 dire elephant simulacra
  10 shadows
  An air elemental (Elf:3)
  23 jumping spiders
  5 wyverns
  17 small abominations (Abyss:3)
  14 ushabtiu
  72 yaks
  A basilisk (shapeshifter) (Elf:1)
  21 water elementals
  20 starcursed masses
  11 wraiths
  25 ynoxinuls
  A black mamba skeleton (Crypt:2)
  A hog (shapeshifter) (Vaults:5)
  5 basilisks
  3 fire elementals
  13 golden eyes
  4 humans (D:14)
  14 chaos spawn
  2 hogs (Lair:5)
  60 redbacks
  3 steam dragons
  3 vampire mosquitoes (D:11)
  5 wargs
  A human simulacrum (Vaults:4)
  18 neqoxecs
  16 harpy simulacra
  A death yak simulacrum (IceCv)
  41 large abominations
  A fire bat zombie (Crypt:1)
  A water nymph zombie (Crypt:1)
  A naga zombie (Hell)
  2 hydra simulacra
  An acid dragon (D:13)
  20 water moccasins
  13 hell hounds
  A floating eye (Depths:3)
  A swamp drake (D:8)
  A demonspawn zombie (Crypt:2)
  31 orc warriors
  An ice beast (D:7)
  2 sky beasts
  A black bear (Lair:3)
  6 ettin simulacra
  A black bear (shapeshifter) (D:13)
  A radroach simulacrum (Spider:4)
  A black mamba simulacrum (Coc:1)
  A blink frog skeleton (Crypt:1)
  19 ogres
  5 boggarts
  6 wolves (Lair:3)
  6 centaurs
  A salamander zombie (Crypt:1)
  2 kobold brigands
  Blork the orc (D:4)
  4 gnoll sergeants
  A necrophage (Crypt:1)
  13 bullfrogs
  2 two-headed ogre simulacra (IceCv)
  A cane toad simulacrum (IceCv)
  A draconian skeleton (Crypt:1)
  6 earth elementals
  4 scorpions
  5 wights
  4 elephant simulacra (IceCv)
  3 killer bees (Lair:2)
  4 spriggan skeletons
  An electric eel (Spider:1)
  3 howler monkeys
  A vampire bat (Lair:3)
  A polar bear skeleton (Crypt:2)
  2 quasits (Abyss:3)
  8 crimson imps (Pan)
  A human zombie (Crypt:1)
  A hound (shapeshifter) (Depths:3)
  4 jellies (Lair:5)
  2 gnoll boudas (D:7)
  6 hounds
  35 orc priests
  3 iron imps (Abyss:3)
  Natasha (thrice) (D:3)
  35 orc wizards
  A polar bear simulacrum (IceCv)
  A troll simulacrum (IceCv)
  55 mummies
  7 adders
  21 gnolls
  A swamp drake zombie (Crypt:2)
  5 naga simulacra
  A steam dragon zombie (Crypt:2)
  7 shadow imps
  12 white imps
  6 ufetubi
  4 adder zombies (Ossuary)
  2 worms
  4 dart slugs
  72 orcs
  10 bats
  A bat skeleton (Crypt:2)
  An endoplasm (D:1)
  5 giant cockroaches
  7 hobgoblins
  6 jackals
  4 quokkas
  6 ball pythons
  A ball python skeleton (Ossuary)
  A frilled lizard (D:1)
  9 goblins
  A hobgoblin zombie (Ossuary)
  19 kobolds
  A kobold zombie (Ossuary)
  An orc skeleton (Ossuary)
  2 orc zombies (Ossuary)
  3 rats
  3 butterflies
  4 creeping infernos
  10 fire vortices
  A lurking horror (Abyss:3)
  2 spectral weapons (Spider:3)
  11 starspawn tentacles
4384 creatures vanquished.

Vanquished Creatures (collateral kills)
  An iron giant (Dis:6)
  Gastronok (D:9)
  A balrug (Pan)
  A war gargoyle (Dis:5)
  4 iron golems (Dis:6)
  A hellion (Dis:6)
  A large abomination (Abyss:3)
  A neqoxec (Abyss:3)
  A wolf (D:7)
  2 wights (D:9)
  3 gnolls (D:7)
  3 orcs (D:7)
20 creatures vanquished.

Vanquished Creatures (others)
  A searing wretch (Geh:3)
  2 fire giants
  A merfolk impaler (Shoals:4)
  A juggernaut simulacrum (Coc:1)
  A deep elf zephyrmancer (Elf:1)
  A water nymph (Zig:3)
  A cane toad (Lair:5)
  A hellion (Geh:4)
  A tormentor (Geh:4)
  3 humans (Lair:5)
  2 dire elephant simulacra
  A boggart (Vaults:4)
  An ogre (D:10)
  A jelly (Lair:5)
  A hell rat (Lair:5)
  An orc (D:8)
  2 creeping infernos
  7 fire vortices
  6 foxfires
  3 lurking horrors
  13 starspawn tentacles
51 creatures vanquished.

Grand Total: 4455 creatures vanquished

Notes
Turn   | Place    | Note
-------+----------+-------------------------------------------
     0 | D:1      | RepoMan the Troll Fighter began the quest for the Orb.
     0 | D:1      | Reached XP level 1. HP: 22/22 MP: 0/0
   174 | D:1      | Reached XP level 2. HP: 29/29 MP: 1/1
   599 | D:2      | Reached XP level 3. HP: 36/36 MP: 2/2
   996 | D:2      | Found Baobreet's Book Shoppe.
  1199 | D:3      | Found a shadowy altar of Dithmenos.
  1201 | D:3      | Found a white marble altar of Elyvilon.
  1203 | D:3      | Found a broken altar of Ashenzari.
  1203 | D:3      | Found a glowing golden altar of the Shining One.
  1205 | D:3      | Found a hide-covered altar of Uskayaw.
  1207 | D:3      | Found a shimmering blue altar of Sif Muna.
  1254 | D:3      | Reached XP level 4. HP: 44/44 MP: 3/3
  1315 | D:3      | Found a faded altar of an unknown god.
  1374 | D:3      | Noticed Natasha
  1390 | D:3      | Killed Natasha
  1509 | D:3      | Found a basalt altar of Yredelemnul.
  1553 | D:3      | Noticed Natasha
  1579 | D:3      | Killed Natasha
  1580 | D:3      | Reached XP level 5. HP: 35/53 MP: 4/4
  1585 | D:3      | Noticed Natasha
  1876 | D:3      | Found the +7 Throatcutter {drain, coup de grace}
  2231 | D:4      | Noticed Blork the orc
  2239 | D:4      | Killed Blork the orc
  2283 | D:4      | Found Cusmeugh's Antique Armour Shop.
  2352 | D:5      | Entered Level 5 of the Dungeon
  2384 | D:5      | Noticed an ogre
  2386 | D:5      | Reached XP level 6. HP: 61/61 MP: 5/5
  2515 | D:5      | Reached skill level 5 in Unarmed Combat
  2693 | D:5      | Reached XP level 7. HP: 59/68 MP: 6/6
  3201 | D:6      | Reached skill level 5 in Shields
  3215 | D:6      | You fall into a shaft and drop 2 floors!
  3240 | D:8      | Reached XP level 8. HP: 79/79 MP: 7/7
  3506 | D:8      | Reached skill level 5 in Fighting
  3544 | D:7      | Found a sand-covered staircase.
  3553 | Ossuary  | Entered an ossuary
  3662 | Ossuary  | Noticed a flying skull
  3668 | Ossuary  | Noticed a flying skull
  3728 | Ossuary  | Noticed a flying skull
  3759 | Ossuary  | Noticed a flying skull
  3908 | D:7      | Reached XP level 9. HP: 75/88 MP: 8/8
  4342 | D:6      | Found a staircase to the Ecumenical Temple.
  4351 | Temple   | Entered the Ecumenical Temple
  4359 | Temple   | Became a worshipper of the Wu Jian Council
  4904 | D:7      | Found Kauq's Armour Shoppe.
  5020 | D:7      | Found Haboidd's Distillery.
  5031 | D:7      | Bought a potion of invisibility for 80 gold pieces
  5031 | D:7      | Bought a potion of attraction for 30 gold pieces
  5031 | D:7      | Bought a potion of lignification for 30 gold pieces
  5031 | D:7      | Bought a potion of enlightenment for 50 gold pieces
  5031 | D:7      | Bought a potion of berserk rage for 50 gold pieces
  5121 | D:7      | Reached * piety under Wu Jian
  5135 | D:7      | Found Ucaid's Jewellery Shop.
  5442 | D:8      | Noticed a moth of wrath
  5449 | D:8      | Found a transporter.
  5456 | D:8      | Found a transporter.
  5462 | D:8      | Noticed Nedwor's ghost (novice MiGl)
  5565 | D:8      | Noticed Joseph
  5584 | D:8      | Killed Joseph
  5585 | D:8      | Reached skill level 10 in Unarmed Combat
  5635 | D:9      | Noticed Gastronok
  5645 | D:9      | Killed Gastronok
  5646 | D:9      | Reached XP level 10. HP: 100/100 MP: 9/9
  5969 | D:9      | Noticed Psyche
  5976 | D:9      | Killed Psyche
  6039 | D:9      | Noticed Jeremiah
  6158 | D:9      | Found a snail-covered altar of Cheibriados.
  6270 | D:9      | Found a staircase to the Lair.
  6314 | D:9      | Reached ** piety under Wu Jian
  6375 | D:9      | Killed Jeremiah
  6549 | D:10     | Entered Level 10 of the Dungeon
  6559 | D:10     | Noticed Lodul
  6630 | D:9      | Reached XP level 11. HP: 97/109 MP: 10/10
  6666 | D:10     | Reached skill level 5 in Dodging
  6800 | D:10     | Noticed Maggie
  6820 | D:10     | Killed Maggie
  6843 | D:10     | Noticed a two-headed ogre
  6848 | D:10     | Killed a two-headed ogre
  6940 | D:10     | Identified the scarf "Fuhorea" {repulsion, rElec Will-
                  | Slay+3}
  6972 | D:10     | Noticed Sonja
  6974 | D:10     | Killed Lodul
  6985 | D:10     | Sonja changed into Sonja the human
  6985 | D:10     | Noticed Sonja
  7046 | D:10     | Sonja the human changed into Sonja the hornet
  7046 | D:10     | Noticed Sonja
  7052 | D:10     | Killed Sonja the hornet
  7366 | D:11     | Found a staircase to the Orcish Mines.
  7466 | D:11     | Reached *** piety under Wu Jian
  7602 | D:11     | Got a humming book
  7873 | Lair:1   | Entered Level 1 of the Lair of Beasts
  8064 | Lair:1   | Reached XP level 12. HP: 72/120 MP: 11/11
  8735 | Lair:1   | Found the +8 whip "Snakebite" {venom, curare, rPois}
  8925 | Lair:2   | Reached **** piety under Wu Jian
  8943 | Lair:2   | Noticed a six-headed hydra
  9000 | Lair:2   | Found a staircase to the Shoals.
  9151 | Lair:2   | Found a frozen archway.
  9196 | IceCv    | Entered an ice cave
  9590 | IceCv    | Noticed a reaper
  9611 | IceCv    | Killed a reaper
  9696 | IceCv    | Identified the +9 ice dragon scales of Twilight {+Blink rF-
                  | rC++ Int+6 Dex+3}
  9802 | Lair:2   | Reached skill level 10 in Shields
  9819 | Lair:2   | Reached XP level 13. HP: 131/131 MP: 12/12
 10018 | Lair:2   | Found a hole to the Spider Nest.
 10360 | Lair:3   | Identified the +1 leather armour "Qailarh Fogo" {Will+
                  | rCorr}
 10385 | Lair:3   | Reached skill level 15 in Unarmed Combat
 10450 | Lair:3   | Found a runed translucent door.
 10651 | Lair:3   | Reached ***** piety under Wu Jian
 10660 | Lair:3   | Noticed Urug
 10665 | Lair:3   | Killed Urug
 11172 | Lair:3   | Found a blossoming altar of Fedhas.
 11824 | Lair:3   | Reached skill level 10 in Fighting
 12133 | Lair:3   | Paralysed by an apocalypse crab for 3 turns
 12141 | Lair:3   | Reached XP level 14. HP: 142/143 MP: 13/13
 12152 | Lair:3   | Identified the staff of the Threshing Gods {Drain rPois
                  | SInv Stlth+ Poison}
 13108 | Lair:5   | Entered Level 5 of the Lair of Beasts
 13280 | Lair:5   | Found a staircase to the Slime Pits.
 13363 | Lair:5   | Noticed Kirke
 13371 | Lair:5   | Killed Kirke
 13927 | Lair:5   | Identified the +0 hat of Samm {rN++ Str-3 Int+5}
 14478 | Orc:1    | Entered Level 1 of the Orcish Mines
 14580 | Orc:1    | Found Ufeceist's General Store.
 14580 | Orc:1    | Noticed Harold
 14608 | Orc:1    | Killed Harold
 14619 | Orc:1    | Bought a scroll of teleportation for 48 gold pieces
 14619 | Orc:1    | Bought a potion of heal wounds for 80 gold pieces
 14693 | Orc:2    | Entered Level 2 of the Orcish Mines
 14695 | Orc:2    | Found a staircase to the Elven Halls.
 14935 | Orc:1    | Reached XP level 15. HP: 135/152 MP: 14/14
 15285 | Orc:2    | Gained mutation: You sometimes lose your temper in combat.
                  | [a neqoxec]
 15507 | Orc:2    | Reached ****** piety under Wu Jian
 15524 | Orc:2    | Found Ittualol's Distillery.
 15524 | Orc:2    | Found Vaud's General Store.
 15525 | Orc:2    | Found Hoafoloj's Antique Armour Shoppe.
 15530 | Orc:2    | Found Onunuc's Jewellery Shoppe.
 15955 | Orc:2    | Bought a potion of heal wounds for 85 gold pieces
 15955 | Orc:2    | Bought 2 potions of heal wounds for 170 gold pieces
 15955 | Orc:2    | Bought a potion of curing for 51 gold pieces
 15955 | Orc:2    | Bought a potion of enlightenment for 85 gold pieces
 15955 | Orc:2    | Bought a potion of heal wounds for 85 gold pieces
 15955 | Orc:2    | Bought a potion of brilliance for 68 gold pieces
 15955 | Orc:2    | Bought 2 potions of enlightenment for 170 gold pieces
 15958 | Orc:2    | Bought the amulet of the Philosopher {RegenMP rPois Regen+
                  | Dex+4} for 694 gold pieces
 16061 | D:12     | Found the +6 shillelagh "Devastator" {shatter}
 16389 | D:12     | Found a portal to a secret trove of treasure.
 17822 | D:14     | Found Siec's Distillery.
 17835 | D:14     | Bought a potion of resistance for 140 gold pieces
 17835 | D:14     | Bought a potion of might for 56 gold pieces
 17835 | D:14     | Bought a potion of magic for 112 gold pieces
 17933 | D:14     | Found Ciffanuz's Weapon Emporium.
 17954 | D:14     | Found Titan's Weapon Shoppe.
 18105 | D:14     | Found Domnevve's Assorted Antiques.
 18126 | D:14     | Found Miahor's Distillery.
 18425 | D:14     | Identified the +4 ring mail "Repnin" {Int+2 Dex+4 Slay+3}
 18477 | D:14     | Found a gate to the Vaults.
 18643 | D:15     | Entered Level 15 of the Dungeon
 18757 | D:15     | Paralysed by an ogre mage for 2 turns
 18796 | Abyss:3  | Found a corrupted altar of Lugonu.
 18796 | Abyss:3  | Cast into level 3 of the Abyss (a wizard)
 18808 | Abyss:3  | Lost mutation: You sometimes lose your temper in combat.
                  | [potion of mutation]
 18808 | Abyss:3  | Gained mutation: You are partially covered in iridescent
                  | scales. (AC +2) [potion of mutation]
 18808 | Abyss:3  | Gained mutation: You are strong-willed. (Will+) [potion of
                  | mutation]
 18808 | Abyss:3  | Gained mutation: You expend magic power (3 MP) to
                  | strengthen your wands. [potion of mutation]
 18808 | Abyss:3  | Gained mutation: You are mostly covered in iridescent
                  | scales. (AC +4) [potion of mutation]
 18833 | Abyss:3  | Found a corrupted altar of Lugonu.
 18835 | Abyss:3  | Noticed a tentacled starspawn
 18846 | Abyss:3  | Killed a tentacled starspawn
 18873 | Abyss:3  | Found a corrupted altar of Lugonu.
 18938 | Abyss:3  | Reached XP level 16. HP: 134/165 MP: 15/15
 18978 | D:15     | Escaped the Abyss
 19077 | D:15     | Found a staircase to the Depths.
 19083 | D:15     | Found a radiant altar of Vehumet.
 19305 | D:14     | Bought a potion of mutation for 80 gold pieces
 19318 | D:14     | Bought a scroll of identify for 64 gold pieces
 19411 | Elf:1    | Entered Level 1 of the Elven Halls
 19432 | Elf:1    | Found a radiant altar of Vehumet.
 19516 | Elf:1    | Found a crumbling gateway.
 19541 | Desolati | Entered the Desolation of Salt
 19753 | Desolati | Identified the staff of the End {rCorr Str+4 Dex+3 Earth}
 19897 | Desolati | Identified the +3 leather armour "Jikaschiseb" {Str+4}
 20034 | Desolati | Got a sparkling book
 20067 | Desolati | Identified the +1 spear "Feulahaa" {antimagic, Fly rPois
                  | rCorr Dex-4}
 20218 | Desolati | Reached XP level 17. HP: 171/175 MP: 16/16
 20329 | Desolati | Identified the +0 crystal plate armour of Impressiveness
                  | {*Slow rElec Regen+ Dex-3}
 21018 | Abyss:3  | Cast into level 3 of the Abyss (a deep elf demonologist)
 21042 | Abyss:3  | Found a corrupted altar of Lugonu.
 21140 | Abyss:3  | Found a corrupted altar of Lugonu.
 21205 | Abyss:3  | Noticed a bone dragon
 21221 | Abyss:3  | Killed a bone dragon
 21307 | Elf:1    | Escaped the Abyss
 21538 | Spider:1 | Entered Level 1 of the Spider Nest
 21872 | Spider:1 | Noticed Louise
 21889 | Spider:1 | Killed Louise
 21913 | Spider:1 | Noticed Jorgrun
 21917 | Spider:1 | Killed Jorgrun
 22705 | Spider:2 | Reached skill level 15 in Shields
 22708 | Spider:2 | Reached XP level 18. HP: 188/188 MP: 17/17
 23003 | Spider:3 | Reached skill level 1 in Shapeshifting
 23157 | Spider:3 | Noticed Asterion
 23184 | Spider:3 | Killed Asterion
 23185 | Spider:3 | Reached skill level 5 in Shapeshifting
 23415 | Spider:3 | Reached XP level 19. HP: 196/196 MP: 18/18
 23614 | Spider:4 | Entered Level 4 of the Spider Nest
 23784 | Spider:4 | Identified the +1 orcbow "Nyit" {speed, rF- rC+ Will+
                  | rCorr}
 23917 | Spider:4 | Noticed Aizul
 24099 | Spider:4 | Reached skill level 10 in Shapeshifting
 24171 | Spider:4 | Found a runed translucent gate.
 24171 | Spider:4 | Found a runed translucent gate.
 24172 | Spider:4 | Found a runed translucent gate.
 24173 | Spider:4 | Noticed Bnni's ghost (adept FoHs)
 24413 | Spider:4 | Killed Aizul
 24499 | Spider:4 | Got a gossamer rune of Zot
 24757 | Spider:4 | Killed Bnni's ghost
 24813 | Spider:4 | Identified a scroll of acquirement
 24816 | Spider:4 | Acquired 1182 gold pieces
 24971 | Shoals:1 | Entered Level 1 of the Shoals
 25019 | Shoals:1 | Found a hide-covered altar of Uskayaw.
 25534 | Shoals:1 | Reached XP level 20. HP: 205/205 MP: 19/19
 25889 | Shoals:2 | Noticed Ilsuiw
 25895 | Shoals:2 | Killed Ilsuiw
 26611 | Shoals:3 | Found Nodethrih's Distillery.
 26619 | Shoals:3 | Bought a potion of mutation for 136 gold pieces
 26619 | Shoals:3 | Bought a potion of mutation for 136 gold pieces
 26619 | Shoals:3 | Bought a potion of haste for 170 gold pieces
 26619 | Shoals:3 | Bought a potion of heal wounds for 85 gold pieces
 26619 | Shoals:3 | Bought a potion of curing for 51 gold pieces
 27007 | Shoals:4 | Entered Level 4 of the Shoals
 27084 | Shoals:4 | Found a glowing silver altar of Zin.
 27117 | Shoals:4 | Reached skill level 15 in Shapeshifting
 27311 | Shoals:4 | Found a white marble altar of Elyvilon.
 27376 | Shoals:4 | Got a barnacled rune of Zot
 27379 | Shoals:4 | Got a gaudy book
 27719 | Shoals:4 | Found a glowing golden altar of the Shining One.
 27748 | Shoals:4 | Identified the +1 fire dragon scales "Teesh" {+Inv rF++ rC-
                  | Regen+ rCorr}
 27791 | Shoals:4 | Identified the scarf of the Barracuda {shadows, Harm rElec
                  | Int+2}
 28697 | Elf:3    | Entered Level 3 of the Elven Halls
 28703 | Elf:3    | Paralysed by an air elemental for 1 turns
 28783 | Elf:2    | Found a runed translucent gate.
 28783 | Elf:2    | Found a runed translucent gate.
 28786 | Elf:2    | Found a runed translucent gate.
 28922 | Elf:3    | Identified the +1 shortbow of Supply {drain, rCorr Str+2}
 28993 | Elf:3    | Reached XP level 21. HP: 213/213 MP: 20/20
 29166 | Elf:3    | Identified the +5 long sword "Taraeran" {heavy, rPois rN+++
                  | Dex-3 Stlth-}
 29169 | Elf:3    | Identified the +8 halberd of the Jocular God {antimagic,
                  | Str+4 Dex+6}
 29231 | Elf:3    | Found the +8 Wrath of Trog {antimagic, *Rage Rampage}
 29241 | Elf:3    | Found the +8 trishula "Condemnation" {holy, anguish, *Noise
                  | Fly rN+}
 29319 | Elf:3    | Identified the +0 sling of an ice cave {freeze, rElec rC+
                  | Str+2 Stlth+}
 29346 | Elf:3    | Got a clothbound book
 29352 | Elf:3    | Identified the amulet of the Illusory Nights {Acrobat MP-9
                  | Int+2 Slay+3}
 29439 | Elf:3    | Got an upside-down book
 29823 | Elf:3    | Identified the +1 robe of Imperfection {-Cast rElec rN+}
 30123 | Vaults:1 | Entered Level 1 of the Vaults
 31017 | Vaults:1 | Identified the amulet of Atodut {Spirit +Inv rF+ rC- Dex+6}
 31095 | Vaults:1 | Noticed Zenata
 31185 | Vaults:1 | Killed Zenata
 31443 | Vaults:2 | Noticed Saint Roka
 31470 | Vaults:2 | Killed Saint Roka
 31521 | Vaults:2 | Found Ysabof's Antique Armour Shoppe.
 31814 | Vaults:2 | Reached XP level 22. HP: 217/222 MP: 21/21
 31832 | Vaults:2 | Found a magical portal.
 31870 | WizLab   | Entered The Hall of the Hellbinder
 32277 | WizLab   | Found a burning altar of Makhleb.
 32287 | WizLab   | Identified the ring of Ligokusi {rPois rN+ Int+2 Slay+4}
 32319 | WizLab   | Identified the ring of Abiegga {rC+ Slay+3}
 32321 | WizLab   | Got a rare book
 33803 | Vaults:3 | Identified the +0 ring mail of New Discoveries {rElec rCorr
                  | Str+3}
 34088 | Vaults:3 | Found a staircase to the Crypt.
 34102 | Vaults:3 | Paralysed by something for 3 turns
 34548 | Vaults:4 | Found a flickering gateway to a bazaar.
 34604 | Bazaar   | Entered a bazaar
 34605 | Bazaar   | Found Feyz's General Store.
 34610 | Bazaar   | Found Idiesue's Magic Scroll Boutique.
 34616 | Bazaar   | Found Wule's Antique Armour Boutique.
 34630 | Bazaar   | Found Yplag's Book Emporium.
 34638 | Bazaar   | Found Medotemo's Book Emporium.
 34662 | Bazaar   | Bought a book of Annihilations for 540 gold pieces
 34669 | Bazaar   | Bought a book of Party Tricks for 242 gold pieces
 34671 | Bazaar   | Learned a level 1 spell: Apportation
 34697 | Bazaar   | Bought 2 potions of heal wounds for 120 gold pieces
 34697 | Bazaar   | Bought a potion of mutation for 96 gold pieces
 34697 | Bazaar   | Bought a potion of heal wounds for 60 gold pieces
 34697 | Bazaar   | Bought a potion of brilliance for 48 gold pieces
 34703 | Bazaar   | Bought a scroll of immolation for 56 gold pieces
 35071 | Vaults:4 | Reached XP level 23. HP: 230/230 MP: 22/22
 36477 | Crypt:1  | Entered Level 1 of the Crypt
 37298 | Crypt:2  | Found a basalt altar of Yredelemnul.
 37730 | Crypt:3  | Entered Level 3 of the Crypt
 38301 | Crypt:3  | Found a staircase to the Tomb.
 38704 | Crypt:3  | Noticed an ancient lich
 38710 | Crypt:3  | Killed an ancient lich
 38812 | Crypt:3  | Found an ancient bone altar of Kikubaaqudgha.
 38842 | Crypt:3  | Identified the +9 dagger "Kepraa" {antimagic, rElec Will+
                  | Str+2 SInv}
 38843 | Crypt:3  | Identified the +1 great mace of the Butterfly {pain, rF-
                  | Str+2 Int+3 Dex+4}
 38845 | Crypt:3  | Identified the +8 falchion of Fedhas's Benevolence {freeze,
                  | rF+ SInv}
 38856 | Crypt:3  | Noticed a dread lich
 38858 | Crypt:3  | Killed a dread lich
 39366 | D:14     | Bought a potion of invisibility for 80 gold pieces
 39366 | D:14     | Bought a potion of mutation for 80 gold pieces
 39366 | D:14     | Bought a potion of curing for 30 gold pieces
 39366 | D:14     | Bought a potion of brilliance for 40 gold pieces
 39366 | D:14     | Bought a potion of mutation for 80 gold pieces
 39418 | Depths:1 | Entered Level 1 of the Depths
 39425 | Depths:1 | Reached XP level 24. HP: 214/243 MP: 22/22
 39431 | Depths:1 | Reached skill level 15 in Fighting
 39445 | Depths:1 | Reached skill level 1 in Evocations
 39679 | Depths:1 | Found a bloodstained altar of Trog.
 39756 | Depths:1 | Found a gateway to Hell.
 40095 | Depths:1 | Found Baghun's CLEARANCE SALE!.
 40102 | Depths:1 | Bought 2 throwing nets for 12 gold pieces
 40102 | Depths:1 | Bought a scroll of teleportation for 6 gold pieces
 40102 | Depths:1 | Bought a scroll of noise for 2 gold pieces
 40175 | Depths:2 | Got a humming book
 40188 | Depths:2 | Found Upnaomn's Distillery.
 40206 | Depths:2 | Found Uhyas's Antique Armour Shop.
 40208 | Depths:2 | Bought a potion of invisibility for 168 gold pieces
 40208 | Depths:2 | Bought a potion of might for 84 gold pieces
 40208 | Depths:2 | Bought a potion of mutation for 168 gold pieces
 40208 | Depths:2 | Bought a potion of heal wounds for 105 gold pieces
 40208 | Depths:2 | Bought a potion of heal wounds for 105 gold pieces
 40208 | Depths:2 | Bought a potion of berserk rage for 105 gold pieces
 40208 | Depths:2 | Bought a potion of brilliance for 84 gold pieces
 40259 | Depths:2 | Found a one-way gate leading to the halls of Pandemonium.
 40411 | Depths:2 | Identified the ring "Meys" {Ice rN++ Str+4 Int+3 Dex-4}
 40411 | Depths:2 | Noticed Josephina
 40423 | Depths:2 | Killed Josephina
 40774 | Depths:2 | Found a transporter.
 40775 | Depths:2 | Found a transporter.
 40775 | Depths:2 | Found a corrupted altar of Lugonu.
 40865 | Depths:3 | Found a one-way gateway to a ziggurat.
 40866 | Depths:3 | Noticed Parghit
 40876 | Depths:3 | Killed Parghit
 40940 | Depths:3 | Noticed Norris
 40943 | Depths:3 | Killed Norris
 41323 | Depths:3 | Found a shimmering altar of Xom.
 41536 | Depths:3 | Identified the +1 spear of the Sharp God {elec, +Blink
                  | rPois Will- Str+3}
 41745 | Depths:3 | Found a one-way gate to the infinite horrors of the Abyss.
 42019 | Depths:4 | Entered Level 4 of the Depths
 42268 | Depths:4 | Reached XP level 25. HP: 256/256 MP: 22/22
 42274 | Depths:4 | Reached skill level 5 in Evocations
 42455 | Depths:4 | Found a gate to the Realm of Zot.
 43016 | Slime:1  | Entered Level 1 of the Pits of Slime
 43132 | Slime:5  | Entered Level 5 of the Pits of Slime
 43453 | Slime:5  | Noticed the Royal Jelly
 43465 | Slime:5  | Killed the Royal Jelly
 43493 | Slime:5  | Identified the ring "Taeshyomac" {rElec rC+ rN+ Will-
                  | Str+6}
 43504 | Slime:5  | Identified the ring of Impatience {MP+9 Str+6 Dex+5 Stlth+}
 43514 | Slime:5  | Identified the +7 chain mail of Stoicism {-Tele Dex+3
                  | Stlth+}
 43515 | Slime:5  | Identified the +1 scale mail "Qeromnaf" {rPois rC+ Int-4
                  | Stlth+}
 43532 | Slime:5  | Identified the +0 chain mail "Mynas" {-Tele rC+ Dex+2}
 43546 | Slime:5  | Got a slimy rune of Zot
 43550 | Slime:5  | Found the +27 heavy crossbow "Sniper" {heavy, Acc+∞ SInv}
 43569 | Slime:5  | Identified the +8 broad axe of Caaz Lick {flame, rN+ rCorr
                  | Int+2}
 43601 | Slime:5  | Reached XP level 26. HP: 267/267 MP: 22/22
 44103 | Zot:1    | Entered Level 1 of the Realm of Zot
 44239 | Zot:1    | Found a transporter.
 44260 | Zot:1    | Found a transporter.
 44383 | Zot:1    | Found a transporter.
 44402 | Zot:1    | Found a transporter.
 44584 | Zot:1    | Found a transporter.
 44585 | Zot:1    | Found a transporter.
 44758 | Zot:1    | Reached XP level 27. HP: 278/278 MP: 22/22
 44793 | Zot:1    | Noticed an ancient lich
 44797 | Zot:1    | Killed an ancient lich
 44808 | Zot:1    | Reached skill level 27 in Unarmed Combat
 44818 | Zot:1    | Found a stormy altar of Qazlal.
 44842 | Zot:1    | Got an uncut book
 45016 | Zot:2    | Found a runed translucent door.
 45167 | Zot:2    | Noticed an orb of fire
 45415 | Zot:2    | Noticed Ogritsah's ghost (legendary MiBe)
 45439 | Zot:2    | Killed an orb of fire
 45639 | Zot:2    | Identified the +5 dagger of Reason {flame, Int+2}
 45640 | Zot:2    | Got a foxed book
 45882 | Zot:3    | Identified the +0 chain mail "Biss" {Dex+4}
 46727 | Zot:4    | Noticed an orb of fire
 46741 | Zot:4    | Killed an orb of fire
 46927 | Zot:4    | Reached skill level 1 in Earth Magic
 47059 | Zot:4    | Reached skill level 1 in Spellcasting
 47545 | Zot:4    | Identified the +9 halberd "Xoteist" {flame, Dex+2}
 47622 | Zot:5    | Entered Level 5 of the Realm of Zot
 47627 | Zot:5    | Reached skill level 1 in Translocations
 47699 | Zot:5    | Reached skill level 5 in Earth Magic
 48313 | Zig:1    | Entered Level 1 of a ziggurat
 48332 | Zig:2    | Entered Level 2 of a ziggurat
 48333 | Zig:2    | Noticed a royal mummy
 48338 | Zig:2    | Killed a royal mummy
 48345 | Zig:2    | Got a yellowed book
 48363 | Zig:3    | Entered Level 3 of a ziggurat
 48375 | Zig:3    | Identified the ring of the Heavens {Fire rElec rPois rCorr
                  | Int-5}
 48384 | Zig:4    | Entered Level 4 of a ziggurat
 48432 | Zig:5    | Entered Level 5 of a ziggurat
 48464 | Zig:5    | Identified the staff of Deformation {rPois rN+ rCorr Str+7
                  | Dex-2 Poison}
 48469 | Zig:6    | Entered Level 6 of a ziggurat
 48527 | Zig:7    | Entered Level 7 of a ziggurat
 48566 | Zig:7    | Identified the ring of Genniupo {EV+5 Dex+2}
 48587 | Zig:8    | Entered Level 8 of a ziggurat
 48604 | Zig:8    | Identified the +2 shadow dragon scales of a wizard's
                  | laboratory {rPois rF+ Stlth++++}
 48617 | Zig:9    | Entered Level 9 of a ziggurat
 48651 | Zig:9    | Identified the +3 spear "Demonbane" {freeze, Str+3 Dex+3}
 48657 | Zig:10   | Entered Level 10 of a ziggurat
 48667 | Zig:10   | Noticed Desse the pandemonium lord
 48671 | Zig:10   | Killed Desse the pandemonium lord
 48671 | Zig:10   | Reached skill level 5 in Translocations
 48693 | Zig:10   | Identified the ring of Autotheism {rF+ rN+ EV+5 Int+3
                  | Dex+3}
 48728 | Zig:10   | Reached skill level 10 in Earth Magic
 48746 | Depths:3 | Learned a level 4 spell: Vhi's Electric Charge
 48816 | Hell     | Entered the Vestibule of Hell
 48816 | Hell     | Noticed Geryon
 48819 | Hell     | Killed Geryon
 48832 | Hell     | Reached skill level 1 in Air Magic
 48885 | Hell     | Found a gateway to the ashen valley of Gehenna.
 48916 | Hell     | Found a gateway to the decaying netherworld of Tartarus.
 49137 | D:12     | You paid a toll of the horn of Geryon to enter a treasure
                  | trove
 49138 | Trove    | Entered a treasure trove
 49142 | Trove    | Identified the +5 kite shield of the Lost Path {rF+}
 49146 | Trove    | Identified the +1 hat of Hubris {rPois Regen+ Int+2 Stlth+}
 49151 | Trove    | Identified the +1 robe of Oily Joy {Will+}
 49152 | Trove    | Identified the +0 robe of the Land of Plenty {rPois Will+
                  | Stlth+}
 49153 | Trove    | Identified the +1 cloak of the Imp {+Blink rPois rC-}
 49156 | Trove    | Identified the orb "Ydihip Suija" {light, rElec Dex+2}
 49157 | Trove    | Identified the quicksilver dragon scales of Quantum Leap
                  | {Will+ Int+7 Dex-3}
 49163 | Trove    | Found the +4 skin of Zhor {*Englaciate rC+++ SInv}
 49165 | Trove    | Identified the +0 robe "Sotif" {+Inv}
 49416 | Vaults:5 | Entered Level 5 of the Vaults
 49428 | Vaults:5 | Identified the +3 ring mail of Indomitability {rF+ rC+}
 49487 | Vaults:5 | Got a silver rune of Zot
 49488 | Vaults:5 | Noticed Frederick
 49497 | Vaults:5 | Killed Frederick
 49570 | Vaults:5 | Identified the +8 trident of Feralitz {spect, rC++ SInv}
 49643 | Vaults:5 | Got a foxed book
 49671 | Vaults:5 | Identified the staff of Prudence {rElec rC++ rCorr Air}
 49770 | Vaults:5 | Found Piem's Book Shoppe.
 50010 | Vaults:5 | Identified the +0 ring mail of Brilliance {Stlth+}
 50065 | Vaults:5 | Found the +5 demon whip "Spellbinder" {antimagic, disrupt,
                  | Will+}
 50070 | Vaults:5 | Identified the staff of Mutilation {rF- rN+ Str+2 Dex+4
                  | Stlth+ Necro}
 50612 | Pan      | Entered Pandemonium
 50627 | Pan      | Noticed Seazxaud the pandemonium lord
 50634 | Pan      | Entered the realm of Cerebov.
 50685 | Pan      | Reached skill level 1 in Armour
 50685 | Pan      | Reached skill level 5 in Spellcasting
 51152 | Pan      | Identified the staff of Superiority {rElec rPois Str+2
                  | Dex+3 Earth}
 51224 | Pan      | Identified the +1 robe of Qoeseh {rF+ MP+9}
 51304 | Pan      | Found the +6 sword of Cerebov {flame}
 51304 | Pan      | Noticed Cerebov
 51403 | Pan      | Killed Cerebov
 51420 | Pan      | Identified the +2 leather armour of Xymmessa {Will++ Dex+3}
 51432 | Pan      | Identified the +5 whip of Fimbulwinter {elec, rC+ Stlth+}
 51475 | Pan      | Got a fiery rune of Zot
 51577 | Pan      | Identified the +8 flail of Guum Ink {freeze, Dex+6}
 51775 | Pan      | Identified the +8 mace of Prudence {heavy, rN+ Str+3 Int+3}
 51811 | Depths:2 | Escaped Pandemonium
 51813 | Pan      | Entered the realm of Lom Lobon.
 51813 | Pan      | Entered Pandemonium
 51936 | Pan      | Found an exit through the horrors of the Abyss.
 51956 | Pan      | Identified the ring of Qoh Geeb {rElec rPois rC+ rN+ Str+6}
 52075 | Pan      | Reached skill level 5 in Armour
 52180 | Pan      | Noticed Lom Lobon
 52187 | Pan      | Killed Lom Lobon
 52195 | Pan      | Got a magical rune of Zot
 52511 | Pan      | Noticed Mennas
 52512 | Pan      | Killed Mennas
 52619 | Pan      | Entered the realm of Mnoleg.
 52721 | Pan      | Learned a level 2 spell: Passwall
 52726 | Pan      | Learned a level 4 spell: Animate Armour
 52729 | Pan      | Learned a level 2 spell: Wereblood
 52735 | Pan      | Learned a level 5 spell: Borgnjor's Vile Clutch
 52773 | Pan      | Noticed Mnoleg
 52778 | Pan      | Killed Mnoleg
 52855 | Pan      | Got a glowing rune of Zot
 53175 | Pan      | Noticed Setaefui the pandemonium lord
 53269 | Pan      | Got a demonic rune of Zot
 53277 | Pan      | Found a runed translucent door.
 53278 | Pan      | Found a runed translucent door.
 53281 | Pan      | Found a runed translucent door.
 53293 | Pan      | Found a runed translucent door.
 53322 | Pan      | Entered the realm of Gloorx Vloq.
 53396 | Pan      | Reached skill level 15 in Earth Magic
 53397 | Pan      | Found an exit through the horrors of the Abyss.
 53623 | Pan      | Noticed Gloorx Vloq
 53627 | Pan      | Killed Gloorx Vloq
 53643 | Pan      | Got a dark rune of Zot
 54090 | Depths:2 | Escaped Pandemonium
 54159 | Depths:2 | Paralysed by accursed screaming for 1 turns
 54196 | Depths:2 | Identified the ring of Zaqoxtaz {rElec rN+++ EV+5 Slay-4
                  | SInv}
 54286 | Depths:3 | Voluntarily entered the Abyss.
 54329 | Abyss:3  | Noticed an ancient lich
 54334 | Abyss:3  | Killed an ancient lich
 54338 | Abyss:3  | Found a corrupted altar of Lugonu.
 54484 | Abyss:3  | Identified the +0 scale mail of the Original Sin {+Inv
                  | Str-4 Slay+2}
 54786 | Abyss:3  | Found a corrupted altar of Lugonu.
 54791 | Abyss:3  | Found a corrupted altar of Lugonu.
 54791 | Abyss:3  | Found a corrupted altar of Lugonu.
 55010 | Abyss:3  | Found a transporter.
 55039 | Abyss:3  | Noticed a dread lich
 55055 | Abyss:3  | Killed a dread lich
 55066 | Abyss:3  | Found a transporter.
 55070 | Abyss:3  | Got an abyssal rune of Zot
 55077 | Abyss:3  | Found a transporter.
 55148 | Depths:3 | Escaped the Abyss
 55160 | Depths:3 | Learned a level 9 spell: Shatter
 55798 | Tar:1    | Entered Level 1 of Tartarus
 55833 | Tar:1    | You fall into a shaft and drop 1 floor!
 56276 | Tar:7    | Entered Level 7 of Tartarus
 56514 | Tar:7    | Identified the amulet "Igru Tag" {Reflect Slay+3 SH+5}
 56516 | Tar:7    | Identified the staff "Eroups" {rC+ Int+3 Dex-5 Earth}
 56530 | Tar:7    | Identified the amulet "Ozxeoli" {Regen+ Dex+4}
 56715 | Tar:7    | Identified the +8 longbow of Fortitude {freeze, rC+ rN+
                  | Int+2}
 56716 | Tar:7    | Identified the +5 broad axe "Xerpheich" {holy, rF+ rN+
                  | Str+5}
 56731 | Tar:7    | Identified the +3 dagger "Quqentuy" {antimagic, rPois rCorr
                  | Str+3}
 56759 | Tar:7    | Learned a level 6 spell: Bombard
 57699 | Tar:7    | Noticed Ereshkigal
 57730 | Tar:7    | Killed Ereshkigal
 57768 | Tar:7    | Got a bone rune of Zot
 57951 | Hell     | Found a gateway to the freezing wastes of Cocytus.
 58001 | Coc:1    | Entered Level 1 of Cocytus
 58034 | Coc:1    | Paralysed by a wendigo for 1 turns
 58280 | Coc:4    | Paralysed by a wendigo for 1 turns
 58427 | Coc:7    | Entered Level 7 of Cocytus
 58429 | Coc:7    | Paralysed by a wendigo for 1 turns
 58432 | Coc:7    | Noticed the Serpent of Hell
 58595 | Coc:7    | Killed the Serpent of Hell
 58627 | Coc:7    | Noticed Antaeus
 58644 | Coc:7    | Killed Antaeus
 58649 | Coc:7    | Got an icy rune of Zot
 58660 | Coc:7    | Found the ring of the Tortoise {AC+8}
 58662 | Coc:7    | Identified the ring "Tuwn" {rPois MP+9}
 58663 | Coc:7    | Identified the staff "Birima" {rPois Will+ Str+3 Poison}
 58719 | Coc:7    | Paralysed by a wendigo for 1 turns
 58912 | Hell     | Found a gateway to the Iron City of Dis.
 58928 | Dis:1    | Entered Level 1 of the Iron City of Dis
 59115 | Dis:2    | Reached skill level 27 in Earth Magic
 59131 | Dis:2    | Reached skill level 10 in Spellcasting
 59627 | Dis:7    | Entered Level 7 of the Iron City of Dis
 59851 | Dis:7    | Noticed a juggernaut
 59853 | Dis:7    | Killed a juggernaut
 59861 | Dis:7    | Noticed Dispater
 59874 | Dis:7    | Killed Dispater
 59882 | Dis:7    | Got an iron rune of Zot
 59887 | Dis:7    | Identified the +8 quarterstaff "Midwetz" {freeze, rElec
                  | Dex+2}
 60112 | Geh:1    | Entered Level 1 of Gehenna
 60471 | Geh:7    | Entered Level 7 of Gehenna
 60782 | Geh:7    | Found the +13 sceptre of Asmodeus
 60782 | Geh:7    | Noticed Asmodeus
 60799 | Geh:7    | Killed Asmodeus
 60882 | Geh:7    | Identified the +8 hand axe of Adupawi {heavy, rN+ Dex+3}
 60884 | Geh:7    | Found the +7 Spriggan's Knife {stab, EV+4 Stlth+}
 60888 | Geh:7    | Identified the ring "Koecigoenu" {EV+5 Str+6 Int+4 Slay-2
                  | Stlth+}
 60894 | Geh:7    | Identified the +4 sling "Vesmin" {freeze, Will+ Dex+3
                  | Stlth+}
 60902 | Geh:7    | Identified the staff of the Leaping Tiger {rElec rN+ Necro}
 60914 | Geh:7    | Got an obsidian rune of Zot
 61656 | Tomb:1   | Entered Level 1 of the Tomb of the Ancients
 61857 | Tomb:1   | Acquired 1086 gold pieces
 61961 | Tomb:1   | Noticed a royal mummy
 61968 | Tomb:1   | Killed a royal mummy
 61972 | Tomb:1   | Noticed a royal mummy
 61981 | Tomb:1   | Killed a royal mummy
 62022 | Tomb:1   | Identified the ring of Oradd {EV+5 Dex+3}
 62113 | Tomb:1   | Noticed a royal mummy
 62131 | Tomb:1   | Killed a royal mummy
 62261 | Tomb:1   | Noticed a royal mummy
 62266 | Tomb:1   | Noticed a royal mummy
 62267 | Tomb:1   | Noticed a royal mummy
 62268 | Tomb:1   | Killed a royal mummy
 62273 | Tomb:1   | Killed a royal mummy
 62274 | Tomb:1   | Noticed a royal mummy
 62276 | Tomb:1   | Killed a royal mummy
 62277 | Tomb:1   | Noticed a royal mummy
 62277 | Tomb:1   | Noticed a royal mummy
 62281 | Tomb:1   | Killed a royal mummy
 62282 | Tomb:1   | Noticed a royal mummy
 62283 | Tomb:1   | Killed a royal mummy
 62287 | Tomb:1   | Killed a royal mummy
 62300 | Tomb:1   | Killed a royal mummy
 62324 | Tomb:1   | Noticed a royal mummy
 62335 | Tomb:1   | Killed a royal mummy
 62335 | Tomb:1   | Noticed a royal mummy
 62336 | Tomb:1   | Noticed a royal mummy
 62344 | Tomb:1   | Killed a royal mummy
 62347 | Tomb:1   | Killed a royal mummy
 62384 | Tomb:2   | Noticed a royal mummy
 62384 | Tomb:2   | Noticed a royal mummy
 62393 | Tomb:2   | Noticed a royal mummy
 62394 | Tomb:2   | Killed a royal mummy
 62396 | Tomb:2   | Noticed a royal mummy
 62401 | Tomb:2   | Killed a royal mummy
 62401 | Tomb:2   | Killed a royal mummy
 62403 | Tomb:2   | Killed a royal mummy
 62487 | Tomb:3   | Entered Level 3 of the Tomb of the Ancients
 62522 | Tomb:3   | Noticed a royal mummy
 62536 | Tomb:3   | Killed a royal mummy
 62551 | Tomb:3   | Noticed a royal mummy
 62551 | Tomb:3   | Noticed a royal mummy
 62557 | Tomb:3   | Killed a royal mummy
 62558 | Tomb:3   | Noticed a royal mummy
 62558 | Tomb:3   | Noticed a royal mummy
 62558 | Tomb:3   | Noticed a royal mummy
 62562 | Tomb:3   | Noticed a royal mummy
 62565 | Tomb:3   | Killed a royal mummy
 62565 | Tomb:3   | Killed a royal mummy
 62568 | Tomb:3   | Noticed a royal mummy
 62568 | Tomb:3   | Noticed a royal mummy
 62568 | Tomb:3   | Killed a royal mummy
 62578 | Tomb:3   | Killed a royal mummy
 62581 | Tomb:3   | Killed a royal mummy
 62588 | Tomb:3   | Killed a royal mummy
 62597 | Tomb:3   | Killed a royal mummy
 62637 | Tomb:3   | Got a golden rune of Zot
 62697 | Tomb:3   | Identified the +0 pair of boots of the Kettle-Drum {rF+ rC-
                  | Slay+3}
 62707 | Tomb:3   | Identified the scarf "Rais" {+Inv, rF++}
 62710 | Tomb:3   | Identified the staff "Cev Ick" {rPois rF+ rN+ Dex-2 Poison}
 62805 | Tomb:1   | Noticed a royal mummy
 62808 | Tomb:1   | Killed a royal mummy
 62809 | Tomb:1   | Noticed a royal mummy
 62810 | Tomb:1   | Noticed a royal mummy
 62816 | Tomb:1   | Killed a royal mummy
 62818 | Tomb:1   | Killed a royal mummy
 62819 | Tomb:1   | Noticed a royal mummy
 62820 | Tomb:1   | Noticed a royal mummy
 62822 | Tomb:1   | Noticed a royal mummy
 62824 | Tomb:1   | Noticed a royal mummy
 62825 | Tomb:1   | Killed a royal mummy
 62825 | Tomb:1   | Noticed a royal mummy
 62826 | Tomb:1   | Killed a royal mummy
 62833 | Tomb:1   | Killed a royal mummy
 62836 | Tomb:1   | Killed a royal mummy
 62837 | Tomb:1   | Killed a royal mummy
 63655 | Zot:5    | Noticed an orb of fire
 63656 | Zot:5    | Noticed an orb of fire
 63658 | Zot:5    | Killed an orb of fire
 63663 | Zot:5    | Noticed an orb of fire
 63664 | Zot:5    | Killed an orb of fire
 63672 | Zot:5    | Killed an orb of fire
 63703 | Zot:5    | Noticed an orb of fire
 63705 | Zot:5    | Noticed an orb of fire
 63707 | Zot:5    | Noticed an ancient lich
 63713 | Zot:5    | Noticed an orb of fire
 63716 | Zot:5    | Killed an orb of fire
 63717 | Zot:5    | Reached skill level 15 in Spellcasting
 63718 | Zot:5    | Killed an orb of fire
 63719 | Zot:5    | Noticed an orb of fire
 63719 | Zot:5    | Noticed a dread lich
 63727 | Zot:5    | Killed an orb of fire
 63727 | Zot:5    | Killed an ancient lich
 63728 | Zot:5    | Killed an orb of fire
 63733 | Zot:5    | Killed a dread lich
 63771 | Zot:5    | Noticed a dread lich
 63775 | Zot:5    | Killed a dread lich
 63816 | Zot:5    | Got the Orb of Zot
 63917 | Zot:3    | Noticed Qaphyonn the pandemonium lord
 63917 | Zot:3    | Killed Qaphyonn the pandemonium lord
 64290 | D:3      | Killed Natasha
 64345 | D:$      | Escaped with the Orb!

Illustrated notes

Levels and vault maps discovered:
D:1:      dpeg_arrival_long_road, layout_rooms, minmay_misc_feat_diagonals
D:2:      layout_rooms, serial_shops, shop, wad_orctagon
D:3:      layout_basic, general_overflow_altar, grunt_temple_overflow_open,
          hellmonk_ecumenical_altar_inner_sanctum,
          dilly_guarded_unrand_throatcut, uniq_natasha
D:4:      layout_gridville, nicolae_wooded_promenade, uniq_blork_the_orc
D:5:      layout_loops_ring, minmay_gold_behind_fungi, serial_bayou_pond_c
D:6:      layout_gridville, temple_hall, serial_demonic, serial_demonic_b,
          serial_demonic_f, serial_demonic_a, serial_demonic_e
D:7:      layout_cave_pools, serial_gnoll_camp, gnoll_camp_huts_basic,
          gnoll_camp_mini_shop, gnoll_camp_mini_shop, gnoll_camp_mini_hut,
          gnoll_camp_mini_shop, enter_ossuary_2, amcnicky_mini_corridor_feature
D:8:      layout_cave_pools, gammafunk_ghost_berserking_beasts, uniq_joseph
D:9:      layout_basic, cheibrodos_worm_habitat, grunt_lair_entry_orc_guard_hut,
          uniq_jeremiah, uniq_psyche, uniq_gastronok
D:10:     layout_cave_pools, uniq_maggie, uniq_lodul, uniq_sonja
D:11:     layout_cave_pools, orc_0_dummy
D:12:     layout_stronghold, enter_trove_2, corexii_checkpoint_a, st_stairs_5,
          dilly_guarded_unrand_devastator
D:13:     layout_basic
D:14:     layout_irregular_city, hellmonk_vaults_keyhole, serial_shops, shop,
          shop, shop, shop, nicolae_shop_peninsula, nrook_campfire
D:15:     hangedman_depths_entry_civil_slaughter, layout_basic, basic_altar
Temple:   eino_temple_lava
Lair:1:   minmay_guarded_unrand_snakebite, layout_cave_pods, st_stairs_3
Lair:2:   dreamdust_cave_troll, layout_chaotic_city, minmay_shoals_entry_beasts,
          hellmonk_spider_entry_not_the_bees, portal_ice_cave_rime,
          grunt_megastairs_4, lemuel_fruit_fields, lemuel_fruit_fields
Lair:3:   gammafunk_mikee_crab_dinner, layout_chaotic_city, roderic_batcave,
          tgw_fedhas, lemuel_fruit_fields, uniq_urug
Lair:4:   layout_roguey
Lair:5:   hangedman_lair_in_review, layout_gridlike,
          nicolae_slime_entry_field_trip, eino_small_chamber_without_monster,
          uniq_kirke
Shoals:1: layout_shoals, regret_index_shoals_crete
Shoals:2: layout_shoals, uniq_ilsuiw
Shoals:3: layout_shoals, serial_shops, shop, nicolae_shoals_arrival_archipelago
Shoals:4: shoals_end_hellmonk_holy_island
Spider:1: layout_spider_delve, uniq_louise, uniq_jorgrun
Spider:2: layout_spider_delve
Spider:3: layout_spider_delve, uniq_asterion
Spider:4: hellmonk_spider_rune_bug_friends, gammafunk_ghost_necromancy,
          uniq_aizul
Slime:1:  layout_caves
Slime:2:  layout_caves
Slime:3:  layout_caves
Slime:4:  layout_caves
Slime:5:  slime_pit_nicolae_royal_road_to_ruin
Orc:1:    layout_diamond_mine, basic_altar, serial_shops, shop, uniq_harold
Orc:2:    st_orc_mages, layout_caves
Elf:1:    eino_elf_arrival_altar, layout_geoelf_diagonals,
          portal_desolation_entry_nicolae_slug,
          hangedman_elven_crosses_minicolossus
Elf:2:    nicolae_elf_blades_splatter_lattice
          [nicolae_blade_entry_sentries_behind_glass], layout_gridlike,
          roderic_lattice_octagonal_star
Elf:3:    grunt_elf_hall_diamonds, layout_loops_corners
Vaults:1: v_misc_26, nicolae_vaults_more_shelving_2,
          vaults_standard_mumra_lines, nicolae_vaults_shipping_containers_4,
          nicolae_vaults_border_crossing, v_alt_pattern_2, v_rooms_3,
          ontoclasm_vaults_fault, layout_vaults_quadrants, uniq_zenata
Vaults:2: mu_enter_wizlab_1, nicolae_vaults_mini_display_case,
          nicolae_vaults_arrows, ontoclasm_vaults_tryst, hangedman_vaults_nodes,
          v_alt_pattern_5, ontoclasm_vaults_decontamination,
          nicolae_vaults_rhombus_6, nicolae_vaults_door_testing_chamber,
          ontoclasm_vaults_gateway, nicolae_vaults_closet_pinwheel_3,
          vaults_dpeg_doors, vaults_mumra_lcd,
          nicolae_vaults_storage_room_glass, nicolae_vaults_little_squares_5,
          layout_vaults_maze, serial_shops, shop, uniq_saint_roka
Vaults:3: nicolae_vaults_network_periphery, minmay_crypt_entry_simple_plaza,
          v_misc_9, v_rooms_5, nicolae_vaults_shipping_containers_3, v_misc_29,
          nicolae_vaults_hexular_roomagon, layout_vaults_big_room
Vaults:4: grunt_vaults_swirl, nicolae_vaults_statue_guard,
          nicolae_vaults_ring_of_whatevers, vaults_room_corners,
          nicolae_vaults_sightless_eye, serial_ice_g,
          nicolae_vaults_more_shelving_1, vaults_room_pool,
          vaults_dpeg_encased_lava, vaults_room_fours, vaults_mumra_hex,
          nicolae_vaults_double_plus_2, layout_vaults_ring, serial_shops,
          bzr_entry_customers
Vaults:5: serial_shops, uniq_frederick
Crypt:1:  layout_basic
Crypt:2:  layout_misc_corridors, basic_altar, nicolae_elevator_lobby_asterisk
Crypt:3:  quadcrypt_mu, uniq_margery
Tomb:1
Tomb:2
Tomb:3
Depths:1: layout_cave_pools, pf_coc_iceberg, bloody_trog, minivault_16,
          nicolae_shop_clearance
Depths:2: gammafunk_corrupted_shrine, layout_twisted_cross, hell_entry,
          kennysheep_cross_bottleneck, pan_entry,
          infiniplex_staircase_spiral_double, minmay_shoptagon, uniq_josephina
Depths:3: minmay_the_grid_octo_tiled_octocenter [minmay_the_grid_octo_clover,
          minmay_the_grid_octo_thin_diamonds,
          minmay_the_grid_octo_vomiting_pacman, minmay_the_grid_octo_checkered,
          minmay_the_grid_octo_prize_square_snowflake,
          minmay_the_grid_square_5x5_two_walls_b,
          minmay_the_grid_square_5x5_longway,
          minmay_the_grid_square_5x5_intrusive_squares,
          minmay_the_grid_square_5x5_three_small], layout_small_grid,
          enter_ziggurat_d, nrook_mini_backslash, serial_sigils,
          serial_sigils_hangedman_carve, serial_sigils_hangedman_scratch,
          serial_sigils_hangedman_etch, serial_sigils_hangedman_quiver,
          abyss_entry, hell_entry, infiniplex_staircase_river, uniq_norris,
          uniq_parghit
Depths:4: grunt_zot_entry_pinwheel, layout_cave_shapes, serial_column_ruins,
          column_ruins_portal_hut, column_ruins_grid_2, column_ruins_open_small,
          column_ruins_grid_1, column_ruins_corridor_straight,
          column_ruins_columns_straight, grunt_metal_band
Hell
Dis:1:    layout_overlapping_boxes
Dis:2:    layout_regular_city
Dis:3:    layout_gridville, nicolae_dis_bowling_alley
Dis:4:    layout_gridville
Dis:5:    layout_regular_city
Dis:6:    layout_subdivisions
Dis:7:    dis_hangedman
Geh:1:    layout_gehenna_lava_caves
Geh:2:    layout_gehenna_lava_caves
Geh:3:    layout_gehenna_lava_caves
Geh:4:    layout_gehenna_pools_triple, evilmike_ambush
          [evilmike_ambush_outer_basic, evilmike_ambush_inner_cross]
Geh:5:    layout_gehenna_pools_box
Geh:6:    layout_gehenna_lava_caves
Geh:7:    geh_mu
Coc:1:    layout_cocytus_water_paths
Coc:2:    layout_cocytus_delve
Coc:3:    layout_cocytus_water_paths
Coc:4:    layout_ice_bergs
Coc:5:    layout_ice_bergs
Coc:6:    layout_cocytus_water_paths, serial_ice
Coc:7:    coc_old
Tar:1:    layout_grid_maze
Tar:2:    layout_catacombs
Tar:3:    layout_grid_maze, nicolae_tar_four_comb_rooms
Tar:4:    layout_catacombs
Tar:5:    layout_cathedral_of_symmetry
Tar:6:    nicolae_tar_entranced, layout_cathedral_of_symmetry
Tar:7:    tar_mu [tar_mu_maze]
Zot:1:    regret_index_qazlal_generations, layout_concentric_octagons,
          serial_nicolae_subway, nicolae_sub_station_metal,
          nicolae_sub_station_crystal, nicolae_sub_station_stone
Zot:2:    dreamdust_black_sun_cult, layout_onion_interference,
          hellmonk_ghost_happy_afterlife, lemuel_flame_loot_1
Zot:3:    layout_gridville
Zot:4:    layout_cathedral_of_symmetry
Zot:5:    layout_misc_corridors

Skill      XL: |  1  2  3  4  5  6  7  8  9 10 11 12 13 14 15 16 17 18 19 20 21 22 23 24 25 26 27 |
---------------+----------------------------------------------------------------------------------+-----
Shields        | 3 4 5 6 7 9 10 11 12 14 15 16 23 | 23.3
Unarmed Combat | 3 4 5 6 8 10 11 13 14 16 17 19 20 22 23 25 26 27 | 27.0
Fighting       | 3 4 5 6 7 8 9 10 11 12 13 14 15 16 17 23 | 23.3
Dodging        | 3 4 6 7 8 9 |  9.9
Shapeshifting  | 7 12 16 20 23 24 25 | 25.0
Evocations     | 4 5 |  5.5
Earth Magic    | 27 | 27.0
Spellcasting   | 16 | 16.0
Translocations | 9 |  9.9
Air Magic      | 3 |  3.3
Armour         | 9 |  9.9

Action                     |  1- 3 |  4- 6 |  7- 9 | 10-12 | 13-15 | 16-18 | 19-21 | 22-24 | 25-27 || total
---------------------------+-------+-------+-------+-------+-------+-------+-------+-------+-------++-------
  Melee: Unarmed           |   137 |   133 |   302 |   597 |  1154 |  1211 |  1947 |  2186 |  7016 || 14683
         Punch             |       |       |       |       |       |       |       |     3 |       ||     3
  Throw: Stone             |    12 |    13 |    26 |    23 |       |       |       |       |       ||    74
         Boomerang         |       |     2 |     8 |    20 |    50 |       |     9 |     4 |       ||    93
         Dart              |       |       |     3 |     4 |     8 |     2 |       |       |       ||    17
         Javelin           |       |       |       |       |     6 |       |       |       |       ||     6
         Throwing net      |       |       |       |       |     1 |       |       |       |       ||     1
   Cast: Apportation       |       |       |       |       |       |       |       |       |    11 ||    11
         Shatter           |       |       |       |       |       |       |       |       |     9 ||     9
         Passwall          |       |       |       |       |       |       |       |       |     7 ||     7
         Animate Armour    |       |       |       |       |       |       |       |       |     2 ||     2
         Borgnjor's Vile C |       |       |       |       |       |       |       |       |     1 ||     1
 Invoke: Serpent's Lash    |       |       |       |     7 |    22 |    24 |    24 |    29 |    53 ||   159
         Heavenly Storm    |       |       |       |       |       |       |     1 |       |    12 ||    13
Ability: Lunge             |       |       |    11 |    54 |   139 |   123 |   222 |   250 |   628 ||  1427
         Whirlwind         |       |       |     2 |   181 |   536 |   515 |   830 |   838 |  3095 ||  5997
         Wall Jump         |       |       |       |    12 |    23 |    24 |    14 |    24 |    56 ||   153
         Evoke Blink       |       |       |       |       |       |     3 |       |     5 |       ||     8
         Begin Untransform |       |       |       |       |       |       |       |     1 |    11 ||    12
         Siphon Essence    |       |       |       |       |       |       |       |     1 |     4 ||     5
  Evoke: Wand              |       |       |    12 |    19 |    12 |    11 |     8 |    11 |    55 ||   128
         Lightning rod     |       |       |       |       |       |       |       |     4 |       ||     4
         Phantom mirror    |       |       |       |       |       |       |       |       |     4 ||     4
    Use: Scroll            |     4 |     3 |     5 |     7 |     5 |    11 |    10 |     5 |    58 ||   108
         Potion            |       |     2 |     2 |     4 |     2 |     6 |     5 |    11 |    22 ||    54
   Stab: Sleeping          |     1 |       |     1 |     1 |     2 |       |       |       |       ||     5
         Invisible         |       |       |     2 |     3 |     3 |     2 |     1 |     7 |    27 ||    45
         Held in net/web   |       |       |       |       |     1 |       |       |       |       ||     1
         Distracted        |       |       |       |       |     2 |       |       |     1 |     4 ||     7
         Petrifying        |       |       |       |       |       |       |       |       |     2 ||     2
         Petrified         |       |       |       |       |       |       |       |       |     2 ||     2
 Armour: Robe              |    50 |    80 |    32 |   205 |   285 |       |       |       |       ||   652
         Steam dragon scal |       |       |   132 |    12 |       |       |       |       |       ||   144
         Skin              |       |       |       |     7 |     4 |       |       |    23 |       ||    34
         Ice dragon scales |       |       |       |       |   101 |   420 |   697 |   329 |   520 ||  2067
         Pearl dragon scal |       |       |       |       |       |       |       |   133 |       ||   133
         Fire dragon scale |       |       |       |       |       |       |       |   208 |   860 ||  1068
  Dodge: Dodged            |    40 |    27 |    91 |   120 |   225 |   218 |   390 |   323 |   934 ||  2368
         Repelled          |       |       |       |     3 |    13 |    11 |    14 |    10 |    35 ||    86
  Block: Kite shield       |    55 |    34 |   117 |   151 |   352 |   378 |   659 |   550 |   928 ||  3224
         Tower shield      |       |       |       |       |       |       |       |       |  1150 ||  1150
   Form: Storm             |       |       |       |       |       |       |       |     1 |       ||     1
         Death             |       |       |       |       |       |       |       |     1 |    11 ||    12

Table legend: (Time is in decaauts)
 A = Elapsed time spent in this place.
 B = Non-inter-level travel time spent in this place.
 C = Inter-level travel time spent in this place.
 D = Time resting spent in this place.
 E = Time spent auto-exploring this place.
 F = Levels seen in this place.
 G = Mean time per level.
                   A        B        C        D        E       F      G
               +--------+--------+--------+--------+--------+-----+--------+
         Total |  67819 |  59674 |   8145 |   2521 |  25384 | 122 |  555.9 |
       Dungeon |  13231 |  11068 |   2163 |    520 |   5909 |  15 |  882.1 |
        Temple |     16 |     16 |      0 |      0 |      0 |   1 |   16.0 |
          Lair |   6995 |   6080 |    915 |    468 |   3388 |   5 | 1399.0 |
        Shoals |   3265 |   2933 |    332 |     44 |   1209 |   4 |  816.2 |
   Spider Nest |   3712 |   3445 |    267 |    138 |   1820 |   4 |  928.0 |
    Slime Pits |    814 |    761 |     53 |      0 |     22 |   5 |  162.8 |
  Orcish Mines |   1758 |   1521 |    237 |    117 |    698 |   2 |  879.0 |
   Elven Halls |   2855 |   2651 |    204 |     10 |   1533 |   3 |  951.7 |
        Vaults |   7299 |   6164 |   1135 |    154 |   3447 |   5 | 1459.8 |
         Crypt |   3418 |   2779 |    639 |     97 |    971 |   3 | 1139.3 |
          Tomb |   1282 |   1212 |     70 |      5 |    122 |   3 |  427.3 |
        Depths |   4836 |   3606 |   1230 |    127 |   2044 |   4 | 1209.0 |
          Hell |    616 |    562 |     54 |      0 |      0 |   1 |  616.0 |
           Dis |   1081 |   1069 |     12 |     97 |     20 |   7 |  154.4 |
       Gehenna |    983 |    876 |    107 |     62 |      0 |   7 |  140.4 |
       Cocytus |    823 |    823 |      0 |      0 |     40 |   7 |  117.6 |
      Tartarus |   1956 |   1854 |    102 |     57 |    701 |   7 |  279.4 |
           Zot |   4829 |   4209 |    620 |     85 |   2571 |   5 |  965.8 |
         Abyss |   1335 |   1335 |      0 |     19 |    125 |   3 |  445.0 |
   Pandemonium |   3369 |   3369 |      0 |     45 |    458 |  15 |  224.6 |
      Ziggurat |    458 |    458 |      0 |     28 |     15 |  10 |   45.8 |
        Bazaar |    122 |    122 |      0 |      0 |      0 |   1 |  122.0 |
         Trove |     47 |     47 |      0 |      0 |      0 |   1 |   47.0 |
       Ossuary |    338 |    338 |      0 |     44 |      0 |   1 |  338.0 |
      Ice Cave |    632 |    632 |      0 |    128 |      0 |   1 |  632.0 |
        Wizlab |    546 |    546 |      0 |     88 |     46 |   1 |  546.0 |
    Desolation |   1191 |   1191 |      0 |    182 |    240 |   1 | 1191.0 |
               +--------+--------+--------+--------+--------+-----+--------+

Top non-repeatable levels by time:
Depths:3: 1987 daAuts
Vaults:1: 1902 daAuts
  Lair:3: 1882 daAuts
 Crypt:3: 1801 daAuts
    D:14: 1783 daAuts
Vaults:2: 1733 daAuts
   Tar:7: 1480 daAuts
Vaults:3: 1448 daAuts
  Lair:5: 1414 daAuts
   Zot:1: 1377 daAuts
   Orc:2: 1335 daAuts
 Abyss:3: 1335 daAuts
  Lair:1: 1332 daAuts
Spider:4: 1318 daAuts
  Lair:2: 1318 daAuts
